 Dungeon Crawl Stone Soup version 0.28.0-45-g0d030f2227 (webtiles) character file.

Game seed: 14812931384953047178

203 Andrea the Magician (level 5, -1/37 HPs)
             Began as a Gnoll Hedge Wizard on Apr 6, 2022.
             Slain by a river rat (3 damage)
             ... in a sewer.
             The game lasted 00:11:48 (4770 turns).

Andrea the Magician (Gnoll Hedge Wizard)            Turns: 4770, Time: 00:11:49

Health: -1/37      AC:  3    Str: 11    XL:     5   Next: 81%
Magic:  3/14       EV: 10    Int: 13    God:
Gold:   89         SH:  0    Dex: 12    Spells: 7/18 levels left

rFire   . . .      SeeInvis .   j - +2 dagger (elec)
rCold   . . .      Faith    .   (no shield)
rNeg    . . .      Spirit   .   b - +0 robe
rPois   .          Reflect  .   c - +1 hat
rElec   .          Harm     .   (no cloak)
rCorr   .          Rampage  .   (no gloves)
Will    +....                   (no boots)
Stlth   +++.......              (no amulet)
HPRegen 0.12/turn               l - ring of willpower
MPRegen 0.14/turn               (no ring)

@: on blink cooldown, constricted
A: fangs 1, strong nose, distributed training
a: no special abilities


You were in a sewer.
You visited 1 branch of the dungeon, and saw 4 of its levels.
You also visited: Sewer.

You collected 89 gold pieces.

Inventory:

Hand Weapons
 j - a +2 dagger of electrocution (weapon)
Armour
 b - a +0 robe (worn)
 c - a +1 hat (worn)
Jewellery
 l - a ring of willpower (left hand)
Scrolls
 f - a scroll of noise
 g - 2 scrolls of identify
 i - a scroll of teleportation
Potions
 k - a potion of attraction


   Skills:
 + Level 1.6 Fighting
 + Level 1.6 Short Blades
 + Level 1.6 Long Blades
 + Level 1.6 Axes
 + Level 1.6 Maces & Flails
 + Level 1.6 Polearms
 + Level 1.6 Staves
 + Level 1.6 Slings
 + Level 1.6 Bows
 + Level 1.6 Crossbows
 + Level 1.6 Throwing
 + Level 1.6 Armour
 + Level 4.8 Dodging
 + Level 4.4 Stealth
 + Level 1.6 Shields
 + Level 1.6 Unarmed Combat
 + Level 7.3 Spellcasting
 + Level 2.4 Conjurations
 + Level 1.3 Hexes
 + Level 2.4 Summonings
 + Level 1.3 Necromancy
 + Level 2.4 Translocations
 + Level 1.3 Transmutations
 + Level 1.3 Fire Magic
 + Level 1.3 Ice Magic
 + Level 1.3 Air Magic
 + Level 1.3 Earth Magic
 + Level 1.3 Poison Magic
 + Level 1.8 Invocations
 + Level 1.6 Evocations


You had 7 spell levels left.
You knew the following spells:

 Your Spells              Type           Power      Damage    Failure   Level
a - Magic Dart            Conj           44%        1d5       5%          1
b - Call Imp              Summ           11%        N/A       9%          2
c - Mephitic Cloud        Conj/Pois/Air  9%         N/A       22%         3
d - Conjure Flame         Conj/Fire      9%         6-21      21%         3
e - Blink                 Tloc           22%        N/A       9%          2

Your spell library contained the following spells:

 Spells                   Type           Power      Damage    Failure   Level
 Animate Skeleton         Necr           16%        N/A       9%          1
 Pain                     Necr           32%        1d5       9%          1
 Slow                     Hex            32%        N/A       9%          1
 Ozocubu's Armour         Ice            8%         N/A       26%         3
 Vampiric Draining        Necr           8%         2d6       26%         3
 Metabolic Englaciation   Hex/Ice        4%         N/A       94%         5
 Simulacrum               Ice/Necr       4%         N/A       100%        6


Dungeon Overview and Level Annotations

Branches:
Dungeon (4/15)              Sewer (1/1)
 Temple: D:4-7

Altars:
Wu Jian


Innate Abilities, Weirdness & Mutations

You have very sharp teeth.
Your uncanny sense of smell can sniff out nearby items.
Your experience applies equally to all skills.


Message History

As you read the scroll labelled MEPRUA IFEKK, it crumbles to dust.
It was a scroll of blinking.
Your surroundings suddenly seem different.
You open the door. 2 kobolds come into view.
Found a green potion.
A kobold comes into view. It is wielding a +0 dagger.
Found a viscous red potion.
The kobold shouts! x2
There is an open door here.
The kobold hits you with a +0 dagger.
* * * LOW HITPOINT WARNING * * *
The kobold barely misses you. The kobold completely misses you.
The kobold closely misses you.
There is an open door here.
The ball python hisses angrily.
You hit the kobold. Your bite misses the kobold.
The kobold is severely wounded.
The kobold hits you with a +0 dagger.
* * * LOW HITPOINT WARNING * * *
You hit the kobold.
You kill the kobold!
You barely miss the kobold.
A rat comes into view.
The kobold hits you but does no damage.
Casting: Mephitic Cloud (quite dangerous; 22% risk of failure)
Confirm with . or Enter, or press ? or * to list all spells.
You blink.
A river rat comes into view.
You hit the ball python.
The ball python is heavily wounded.
The rat misses you. The ball python misses you. The ball python grabs you.
The ball python constricts you.
You closely miss the ball python. You bite the ball python.
The ball python is severely wounded.
The rat bites you but does no damage.
The ball python bites you but does no damage.
The ball python constricts you. The river rat bites you.
You die...

##### ##rr§# #### ##rr######...#
#### ≈# .##..##
#......###..###### ##≈≈#
...r†.##...........K.§.#..#.!#≈≈#
...rS.......rr..@S.K..)#.....#≈≈#
...............rr......'....##≈≈#
...............≈≈≈....≈#.....#≈≈
......S...≈≈≈..≈≈≈≈≈≈≈≈#..#.!#≈≈#
≈≈≈.....≈..≈≈≈≈≈≈≈≈≈≈≈≈#######≈≈#
≈≈≈≈.S.≈≈≈≈≈≈≈≈≈≈≈≈≈≈≈≈# ≈#
≈≈≈≈≈≈≈≈r≈≈≈≈≈≈≈≈≈≈≈≈≈≈≈ #
≈≈≈≈≈≈≈≈≈≈≈≈≈≈≈≈≈≈≈≈≈≈≈# ≈≈≈≈≈≈≈


You could see 2 river rats, a ball python, 2 kobolds and 2 rats.

Vanquished Creatures
  2 orc wizards (D:2)
  2 river rats (Sewer)
  3 adders (D:3)
  4 worms
  4 dart slugs
  4 orcs
  7 endoplasms
  3 giant cockroaches (D:1)
  5 goblins
  9 hobgoblins
  9 jackals
  A quokka (D:2)
  6 ball pythons
  6 bats
  6 frilled lizards
  6 kobolds
  6 rats
83 creatures vanquished.

Notes
Turn   | Place    | Note
-------+----------+-------------------------------------------
     0 | D:1      | Andrea the Gnoll Hedge Wizard began the quest for the Orb.
     0 | D:1      | Reached XP level 1. HP: 13/13 MP: 8/8
   194 | D:1      | Reached XP level 2. HP: 19/19 MP: 2/10
   485 | D:1      | Learned a level 2 spell: Call Imp
   856 | D:1      | Reached XP level 3. HP: 25/25 MP: 4/11
  1092 | D:1      | Learned a level 3 spell: Mephitic Cloud
  1096 | D:1      | Learned a level 3 spell: Conjure Flame
  1099 | D:1      | Learned a level 2 spell: Blink
  1244 | D:1      | Reached skill level 1 in Invocations
  1368 | D:1      | Found a faded altar of an unknown god.
  1669 | D:2      | Reached skill level 1 in Fighting
  1669 | D:2      | Reached skill level 1 in Short Blades
  1669 | D:2      | Reached skill level 1 in Long Blades
  1669 | D:2      | Reached skill level 1 in Axes
  1669 | D:2      | Reached skill level 1 in Maces & Flails
  1669 | D:2      | Reached skill level 1 in Polearms
  1669 | D:2      | Reached skill level 1 in Staves
  1669 | D:2      | Reached skill level 1 in Slings
  1669 | D:2      | Reached skill level 1 in Bows
  1669 | D:2      | Reached skill level 1 in Crossbows
  1669 | D:2      | Reached skill level 1 in Throwing
  1669 | D:2      | Reached skill level 1 in Armour
  1669 | D:2      | Reached skill level 1 in Shields
  1669 | D:2      | Reached skill level 1 in Unarmed Combat
  1669 | D:2      | Reached skill level 1 in Evocations
  1967 | D:2      | Reached XP level 4. HP: 32/32 MP: 8/13
  2606 | D:3      | Found an ornate altar of the Wu Jian Council.
  2643 | D:3      | Reached skill level 1 in Hexes
  2643 | D:3      | Reached skill level 1 in Necromancy
  2643 | D:3      | Reached skill level 1 in Transmutations
  2643 | D:3      | Reached skill level 1 in Fire Magic
  2643 | D:3      | Reached skill level 1 in Ice Magic
  2643 | D:3      | Reached skill level 1 in Air Magic
  2643 | D:3      | Reached skill level 1 in Earth Magic
  2643 | D:3      | Reached skill level 1 in Poison Magic
  3373 | D:2      | Reached XP level 5. HP: 23/37 MP: 8/14
  4610 | D:4      | Found a glowing drain.
  4633 | Sewer    | Entered a sewer
  4770 | Sewer    | Slain by a river rat

Illustrated notes

Levels and vault maps discovered:
D:1:      minmay_arrival_wavy_path, layout_loops_ring,
          hellmonk_ecumenical_altar_slurped_away
D:2:      layout_basic
D:3:      layout_loops_ring, nicolae_wu_jian_immortal_techniques
D:4:      layout_basic, cheibrodos_sewer_entry_sluice
Sewer:    sewer_minmay_treatment

Skill      XL: |  1  2  3  4 |
---------------+-------------+-----
Conjurations   | 2 |  2.4
Summonings     | 2 |  2.4
Translocations | 2 |  2.4
Invocations    | 1 |  1.8
Fighting       | 1 |  1.6
Short Blades   | 1 |  1.6
Long Blades    | 1 |  1.6
Axes           | 1 |  1.6
Maces & Flails | 1 |  1.6
Polearms       | 1 |  1.6
Staves         | 1 |  1.6
Slings         | 1 |  1.6
Bows           | 1 |  1.6
Crossbows      | 1 |  1.6
Throwing       | 1 |  1.6
Armour         | 1 |  1.6
Shields        | 1 |  1.6
Unarmed Combat | 1 |  1.6
Evocations     | 1 |  1.6
Hexes          | 1 |  1.3
Necromancy     | 1 |  1.3
Transmutations | 1 |  1.3
Fire Magic     | 1 |  1.3
Ice Magic      | 1 |  1.3
Air Magic      | 1 |  1.3
Earth Magic    | 1 |  1.3
Poison Magic   | 1 |  1.3
Dodging        | |  4.8
Stealth        | |  4.4
Spellcasting   | |  7.3

Action                   |  1- 3 |  4- 6 || total
-------------------------+-------+-------++-------
Melee: Dagger            |    28 |    43 ||    71
       Bite              |     3 |     3 ||     6
 Cast: Magic Dart        |   121 |   114 ||   235
       Call Imp          |       |     4 ||     4
       Mephitic Cloud    |       |     2 ||     2
       Conjure Flame     |       |     1 ||     1
       Blink             |       |     1 ||     1
  Use: Potion            |       |     2 ||     2
       Scroll            |       |     8 ||     8
 Stab: Confused          |       |     2 ||     2
Armor: Robe              |    11 |    13 ||    24
Dodge: Dodged            |    30 |    34 ||    64
